 Dungeon Crawl Stone Soup version 0.31-a0-986-g5e6e4ef867 (webtiles) character file.

Game seed: 6821541446065065691

492 avis the Ducker (level 6, -3/42 HPs)
             Began as a Felid Shapeshifter on Nov 9, 2023.
             Slain by Pikel
             ... wielding a +0 whip of electrocution
              (18 damage)
             ... on level 4 of the Dungeon.
             The game lasted 00:28:06 (5014 turns).

avis the Ducker (Felid Shapeshifter)                Turns: 5014, Time: 00:28:07

Health: -3/42      AC: 23    Str: 10    XL:     6   Next: 91%
Magic:  7/7        EV:  4    Int: 12    God:
Gold:   175        SH:  0    Dex: 17    Spells: 5/5 levels left
                                        Lives:  0   Deaths: 2

rFire   . .          .
                       - Unarmed
rCold   + . .        (shield unavailable)
rNeg    + . .        (body armour unavailable)
rPois   +            (helmet unavailable)
rElec   .            (cloak unavailable)
rCorr   .            (gloves unavailable)
SInv    +            (boots unavailable)
Will    .....        (no amulet)
Stlth   ++           c - ring of protection from cold
HPRegen 0.27/turn    i - ring of positive energy
MPRegen 0.10/turn

%: no passive effects
@: tree-form
A: stationary, stasis, torment immunity, boosted hp, very small, (claws 1),
(fangs 3), see invisible, (speed 1), (shaggy fur 2), (stealthy paws), no weapons
or thrown items, no armour, multi-lived
a: no special abilities


You were on level 4 of the Dungeon.
You were a tree.
You visited 1 branch of the dungeon, and saw 4 of its levels.

You collected 175 gold pieces.

Inventory:

Jewellery
 c - a ring of protection from cold (left branch)
 i - a ring of positive energy (right branch)
Talismans
 b - a beast talisman
 f - a flux talisman (active)
 s - a serpent talisman
Scrolls
 a - a scroll of teleportation {unknown}
 d - a scroll of blinking {unknown}
 e - 3 scrolls of identify {unknown}
 g - a scroll of silence {unknown}
 j - 2 scrolls of amnesia {unknown}
 l - 3 scrolls of noise {unknown}
Potions
 h - a potion of enlightenment {unknown}
 k - a potion of berserk rage {unknown}


   Skills:
 - Level 3.0 Fighting
 - Level 7.0 Dodging
 - Level 3.0 Unarmed Combat
 * Level 5.5 Shapeshifting


You had 5 spell levels left.
You didn't know any spells.
Your spell library contained the following spells:

 Spells                   Type           Power      Damage    Failure   Level
 Static Discharge         Conj/Air       0%         3-3/arc   45%         2
 Airstrike                Air            0%         2d(0-16)  97%         4
 Summon Lightning Spire   Summ/Air       0%         N/A       97%         4
 Summon Forest            Summ/Tloc      0%         N/A       100%        5
 Summon Mana Viper        Hex/Summ       0%         N/A       100%        5
 Summon Cactus Giant      Summ           0%         N/A       100%        6


Dungeon Overview and Level Annotations

Branches:
Dungeon (4/15)
 Temple: D:4-7

Altars:
Fedhas
The Shining One

Annotations:
D:2 1 runed translucent door, exclusion: door, Crazy Yiuf
D:4 Pikel


Innate Abilities, Weirdness & Mutations

You are a tree.
Your roots penetrate the ground, keeping you stationary.
You cannot be teleported.
You are immune to unholy pain and torment.
Your maximum health is greatly increased.
((You have sharp claws.))
((You have razor-sharp teeth.))
You have supernaturally acute eyesight. (SInv)
((You cover ground quickly. (Speed+)))
((You are covered in thick fur. (AC +2)))
((Your paws help you pounce on unaware monsters.))
You are incapable of wielding weapons or throwing items.
You cannot wear armour.
You gain extra lives every three experience levels.


Message History

You hit Pikel.
Pikel is lightly wounded.
Pikel hits you with a +0 whip of electrocution.
You barely miss Pikel.
Pikel is lightly wounded.
Pikel barely misses you.
You hit Pikel but do no damage. You punch Pikel, but do no damage.
Pikel is lightly wounded.
Pikel barely misses you.
You smack Pikel!
Pikel is moderately wounded.
Pikel hits you but does no damage.
You smack Pikel!
Pikel is severely wounded.
Pikel hits you but does no damage.
You hit Pikel but do no damage.
Pikel is severely wounded.
Pikel says, "You'll make a fine lemure."
Pikel hits you but does no damage.
You hit Pikel.
Pikel is severely wounded.
Pikel hits you but does no damage.
You hit Pikel.
Pikel is severely wounded.
Pikel hits you but does no damage.
You closely miss Pikel.
Pikel is severely wounded.
Pikel hits you with a +0 whip of electrocution.
You are electrocuted!
You hit Pikel.
Pikel is severely wounded.
Pikel barely misses you.
You smack Pikel!
Pikel is almost dead.
Pikel hits you but does no damage.
You hit Pikel but do no damage.
Pikel is almost dead.
Pikel hits you but does no damage.
You are electrocuted!!
You die...
Pikel says, "See you in Hell!"

#.....# ##....## #######
##....##### ##....##
#....##..#######
.#.....####....##........##
........#.#....##......)..###
................#.......##..#
....<.###.#.....[K...#......#
........#.##....♣..###.....##
...#...............###....###
..).........##......#.......###
..........#...........#.......##
.(........#.....##...##........##
................###.##..........#
.................#..##....)##.#..
...............#........###......
...............#...##....#.......


You could see Pikel.

Vanquished Creatures
  An ogre (D:4)
  4 lemures
  A hound (D:4)
  An orc priest (D:3)
  A gnoll bouda (D:4)
  An iguana (D:4)
  A sleepcap (D:4)
  Natasha (thrice) (D:3)
  4 gnolls
  8 adders
  2 worms (D:3)
  A dart slug (D:1)
  6 orcs
  5 ball pythons
  5 endoplasms
  4 giant cockroaches
  5 hobgoblins
  6 jackals (D:3)
  7 quokkas
  5 bats
  3 frilled lizards (D:1)
  A goblin (D:2)
  6 kobolds
  2 rats (D:3)
83 creatures vanquished.

Notes
Turn   | Place    | Note
-------+----------+-------------------------------------------
     0 | D:1      | avis the Felid Shapeshifter began the quest for the Orb.
     0 | D:1      | Reached XP level 1. HP: 9/9 MP: 2/2
    18 | D:1      | Reached skill level 3 in Dodging
    96 | D:1      | Reached XP level 2. HP: 11/12 MP: 3/3
   676 | D:1      | Reached XP level 3. HP: 16/16 MP: 4/4
  1424 | D:2      | Reached skill level 4 in Dodging
  1607 | D:2      | Found a runed translucent door.
  1608 | D:2      | Noticed Crazy Yiuf
  2171 | D:3      | Reached XP level 4. HP: 19/21 MP: 5/5
  2347 | D:3      | Noticed Natasha
  2358 | D:3      | Killed Natasha
  2435 | D:3      | Reached skill level 5 in Dodging
  2746 | D:3      | Noticed Natasha
  3000 | D:3      | Killed Natasha
  3001 | D:3      | Reached XP level 5. HP: 24/24 MP: 6/6
  3225 | D:3      | Noticed Natasha
  3247 | D:3      | Killed Natasha
  3542 | D:4      | Reached skill level 5 in Shapeshifting
  3582 | D:4      | Noticed an ogre
  3640 | D:4      | Killed an ogre
  3641 | D:4      | Gained mutation: You are covered in thick fur. (AC +2)
                  | [Felid growth]
  3641 | D:4      | Reached XP level 6. HP: 25/28 MP: 7/7
  3908 | D:4      | Reached skill level 6 in Dodging
  3908 | D:4      | Succumbed to a gnoll's poison
  4179 | D:4      | Noticed Pikel
  4339 | D:4      | Slain by Pikel
  4373 | D:4      | Reached skill level 7 in Dodging
  4469 | D:4      | Found a blossoming altar of Fedhas.
  4474 | D:4      | Found a glowing golden altar of the Shining One.
  5014 | D:4      | Slain by Pikel

Illustrated notes

Levels and vault maps discovered:
D:1:      minmay_arrival_open_corners, layout_basic, serial_forest,
          infiniplex_forest_zigzag_1, infiniplex_forest_side_room,
          infiniplex_forest_end_double, infiniplex_forest_side_room,
          infiniplex_forest_end_1, infiniplex_forest_join
D:2:      layout_basic, uniq_crazy_yiuf_cottage
D:3:      layout_basic, kennysheep_generic_room_6, uniq_natasha
D:4:      layout_cave_pools, grunt_temple_overflow_open, grunt_ministairs_7,
          uniq_pikel

Skill      XL: |  1  2  3  4  5  6 |
---------------+-------------------+-----
Dodging        | 3 4 5 7 |  7.0
Fighting       | 2 3 |  3.0
Shapeshifting  | 4 5 |  5.5
Unarmed Combat | |  3.0

Action                     |  1- 3 |  4- 6 || total
---------------------------+-------+-------++-------
  Melee: Unarmed           |   147 |   215 ||   362
         Bite              |    23 |    20 ||    43
         Punch             |     4 |     3 ||     7
    Use: Potion            |       |     3 ||     3
   Stab: Sleeping          |     1 |     2 ||     3
 Armour: Skin              |    15 |    67 ||    82
  Dodge: Dodged            |    50 |   161 ||   211
   Form: Flux              |       |     1 ||     1

Table legend: (Time is in decaauts)
 A = Elapsed time spent in this place.
 B = Non-inter-level travel time spent in this place.
 C = Inter-level travel time spent in this place.
 D = Time resting spent in this place.
 E = Time spent auto-exploring this place.
 F = Levels seen in this place.
 G = Mean time per level.
                   A        B        C        D        E       F      G
               +--------+--------+--------+--------+--------+-----+--------+
         Total |   4300 |   3800 |    500 |    852 |   1621 |   4 | 1075.0 |
       Dungeon |   4300 |   3800 |    500 |    852 |   1621 |   4 | 1075.0 |
               +--------+--------+--------+--------+--------+-----+--------+

Top non-repeatable levels by time:
     D:3: 1370 daAuts
     D:4: 1148 daAuts
     D:1: 1026 daAuts
     D:2: 755 daAuts
